| TOP OF THE 1ST |
|
California Angels batting - Pitching for Toronto Blue Jays : RHP Storm Davis
|
|
Pitching: RHP Storm Davis
|
|
|
Batting: RHB Frank White
|
0-0: Foul Ball, location: 2F 0-1: Foul Ball, location: 2F 0-2: Strikes out swinging
|
|
Batting: RHB Carlos Pimentel
|
0-0: Called Strike 0-1: Swinging Strike 0-2: Ball 1-2: Fly out, F4 (Flyball, 34D, EV 83.8 MPH)
|
|
Batting: LHB Jason D Thompson
|
0-0: Called Strike 0-1: Fly out, F8 (Flyball, 8LXD, EV 86.9 MPH)
|
| Top of the 1st over - 0 runs, 0 hits, 0 errors, 0 left on base; California 0 - Toronto 0 |
| BOTTOM OF THE 1ST |
|
Toronto Blue Jays batting - Pitching for California Angels : RHP Clay Kirby
|
|
Pitching: RHP Clay Kirby
|
|
|
Batting: SHB Harold Reynolds
|
0-0: Ball 1-0: Ball 2-0: Bunted foul 2-1: Swinging Strike 2-2: Ball 3-2: Foul Ball, location: 2F 3-2: Ground out 1-3 (Groundball, 34S, EV 65.6 MPH)
|
|
Batting: RHB Jose Gonzalez
|
0-0: Swinging Strike 0-1: Ball 1-1: SINGLE (Groundball, 23, EV 62.5 MPH) (infield hit)
|
|
Batting: LHB Chad Daley
|
0-0: Called Strike 0-1: Foul Ball, location: 2F 0-2: Fly out, F7 (Flyball, 7, EV 93.1 MPH)
|
|
Batting: RHB Andres Galarraga
|
0-0: Ball 1-0: Called Strike Jose Gonzalez steals 2nd base 1-1: Swinging Strike 1-2: Strikes out swinging
|
| Bottom of the 1st over - 0 runs, 1 hit, 0 errors, 1 left on base; California 0 - Toronto 0 |
| TOP OF THE 2ND |
|
California Angels batting - Pitching for Toronto Blue Jays : RHP Storm Davis
|
|
Batting: LHB Brian Rosinski
|
0-0: Ball 1-0: Foul Ball, location: 2F 1-1: Ball 2-1: SINGLE (Groundball, 25, EV 65.6 MPH) (infield hit)
|
|
Batting: LHB John Milner
|
0-0: Called Strike Brian Rosinski steals 2nd base 0-1: Ball 1-1: Ball 2-1: Called Strike 2-2: Foul Ball, location: 2F 2-2: Strikes out looking
|
|
Batting: SHB Ignacio Medina
|
0-0: Called Strike 0-1: Ball 1-1: Ball 2-1: Ball 3-1: Fly out, F7 (Flyball, 7S, EV 82.5 MPH)
|
|
Batting: SHB Manny Castillo
|
0-0: Called Strike 0-1: Foul Ball, location: 2F 0-2: Ball 1-2: Ball 2-2: Ground out U3 (Groundball, 34, EV 90.0 MPH)
|
| Top of the 2nd over - 0 runs, 1 hit, 0 errors, 1 left on base; California 0 - Toronto 0 |
| BOTTOM OF THE 2ND |
|
Toronto Blue Jays batting - Pitching for California Angels : RHP Clay Kirby
|
|
Batting: RHB Juan Monasterio
|
0-0: Called Strike 0-1: Foul Ball, location: 2F 0-2: Fly out, F6 (Popup, 6M, EV 60.6 MPH)
|
|
Batting: LHB Steve Stroughter
|
0-0: Ball 1-0: Ball 2-0: SOLO HOME RUN (Flyball, 9LD, EV 105.6 MPH), Distance : 362 ft
|
|
Batting: RHB Cal Ripken
|
0-0: Ball 1-0: Fly out, F8 (Line Drive, 8RM, EV 93.1 MPH)
|
|
Batting: LHB Carlos May
|
0-0: Foul Ball, location: 2F 0-1: Ball 1-1: Ball 2-1: Foul Ball, location: 2F 2-2: Ball 3-2: Ground out 4-3 (Groundball, 4M, EV 85.6 MPH)
|
| Bottom of the 2nd over - 1 run, 1 hit, 0 errors, 0 left on base; California 0 - Toronto 1 |
| TOP OF THE 3RD |
|
California Angels batting - Pitching for Toronto Blue Jays : RHP Storm Davis
|
|
Batting: RHB Mike Bishop
|
0-0: Ball 1-0: Bunted foul 1-1: Foul Ball, location: 2F 1-2: Foul Ball, location: 2F 1-2: Strikes out swinging
|
|
Batting: RHB Rafael Ramirez
|
0-0: Foul Ball, location: 2F 0-1: SINGLE (Line Drive, 34, EV 98.1 MPH)
|
|
Batting: RHB Frank White
|
0-0: Called Strike 0-1: Foul Ball, location: 2F 0-2: SINGLE (Line Drive, 89S, EV 108.8 MPH) Rafael Ramirez to second
|
|
Batting: RHB Carlos Pimentel
|
0-0: Called Strike 0-1: Called Strike 0-2: Foul Ball, location: 2F 0-2: SINGLE (Groundball, 4S, EV 71.3 MPH) (infield hit) Rafael Ramirez to third Frank White to second
|
|
Batting: LHB Jason D Thompson
|
0-0: Foul Ball, location: 2F 0-1: Ball 1-1: Fly out, F6 (Line Drive, 6, EV 76.3 MPH)
|
|
Batting: LHB Brian Rosinski
|
0-0: Ball 1-0: Ball 2-0: Called Strike 2-1: Ball 3-1: Base on Balls Rafael Ramirez scores Frank White to third Carlos Pimentel to second
|
|
Batting: LHB John Milner
|
0-0: Ball 1-0: Ball Passed Ball! Frank White scores Carlos Pimentel to third Brian Rosinski to second 2-0: Called Strike 2-1: Ball 3-1: SINGLE (Groundball, 4MD, EV 96.3 MPH) Carlos Pimentel scores Brian Rosinski to third Runner from 3rd tries for Home, SAFE, throw by CF to home
|
|
Batting: SHB Ignacio Medina
|
0-0: Called Strike 0-1: Ball 1-1: Ball 2-1: Foul Ball, location: 2F 2-2: Ball 3-2: Foul Ball, location: 2F 3-2: Base on Balls John Milner to second
|
|
Batting: SHB Manny Castillo
|
0-0: Ball 1-0: Ball 2-0: Called Strike 2-1: Ground out 3-1 (Groundball, 34, EV 81.9 MPH)
|
| Top of the 3rd over - 4 runs, 4 hits, 0 errors, 2 left on base; California 4 - Toronto 1 |
| BOTTOM OF THE 3RD |
|
Toronto Blue Jays batting - Pitching for California Angels : RHP Clay Kirby
|
|
Batting: RHB Jim G Wilson
|
0-0: Ball 1-0: SINGLE (Line Drive, 8RS, EV 96.3 MPH)
|
|
Batting: SHB Harold Reynolds
|
0-0: Fielders Choice at 2nd, 4-6 (Groundball, 34, EV 81.9 MPH)
|
|
Batting: RHB Jose Gonzalez
|
0-0: Called Strike 0-1: Ball 1-1: Ball 2-1: Swinging Strike 2-2: Strikes out swinging
|
|
Batting: LHB Chad Daley
|
0-0: Ball 1-0: Ball 2-0: Foul Ball, location: 2F 2-1: Swinging Strike 2-2: Foul Ball, location: 2F 2-2: SINGLE (Groundball, 4MD, EV 102.5 MPH) Harold Reynolds to second Runner from 2nd tries for 3rd, SAFE, throw by CF made to third
|
|
Batting: RHB Andres Galarraga
|
0-0: Called Strike 0-1: Called Strike 0-2: Foul Ball, location: 2F 0-2: Ball 1-2: Ball 2-2: SINGLE (Flyball, 78S, EV 99.4 MPH) Harold Reynolds scores Chad Daley to second
|
|
Batting: RHB Juan Monasterio
|
0-0: Fly out, F5 (Flyball, 56D, EV 91.9 MPH)
|
| Bottom of the 3rd over - 1 run, 3 hits, 0 errors, 2 left on base; California 4 - Toronto 2 |
| TOP OF THE 4TH |
|
California Angels batting - Pitching for Toronto Blue Jays : RHP Storm Davis
|
|
Batting: RHB Mike Bishop
|
0-0: Fly out, F8 (Flyball, 89D, EV 101.9 MPH)
|
|
Batting: RHB Rafael Ramirez
|
0-0: Ball 1-0: SINGLE (Groundball, 34D, EV 95.0 MPH)
|
|
Batting: RHB Frank White
|
0-0: Fly out, F9 (Flyball, 9, EV 90.0 MPH)
|
|
Batting: RHB Carlos Pimentel
|
0-0: Ball 1-0: Ball 2-0: Foul Ball, location: 2F 2-1: Ball 3-1: Base on Balls Rafael Ramirez to second
|
|
Batting: LHB Jason D Thompson
|
0-0: Ground out 4-3 (Groundball, 4, EV 85.0 MPH)
|
| Top of the 4th over - 0 runs, 1 hit, 0 errors, 2 left on base; California 4 - Toronto 2 |
| BOTTOM OF THE 4TH |
|
Toronto Blue Jays batting - Pitching for California Angels : RHP Clay Kirby
|
|
Batting: LHB Steve Stroughter
|
0-0: Ball 1-0: Ball 2-0: SINGLE (Flyball, 8RS, EV 93.8 MPH)
|
|
Batting: RHB Cal Ripken
|
0-0: Called Strike 0-1: Ball 1-1: Ball 2-1: Grounds into double play, 3-6-3 (Groundball, 3, EV 95.6 MPH)
|
|
Batting: LHB Carlos May
|
0-0: Ball 1-0: Ball 2-0: Ball 3-0: Called Strike 3-1: Called Strike 3-2: Base on Balls
|
|
Batting: RHB Jim G Wilson
|
0-0: Ball 1-0: DOUBLE (Line Drive, 9LD, EV 105.6 MPH) Carlos May to third Runner from 3rd tries for Home, SAFE, no throw by RF
|
|
Batting: SHB Harold Reynolds
|
0-0: Ball 1-0: Called Strike 1-1: SINGLE (Line Drive, 7S, EV 111.3 MPH) Jim G Wilson to third Runner from 3rd tries for Home, SAFE, throw by LF to home Harold Reynolds to second
|
|
Batting: RHB Jose Gonzalez
|
0-0: Ball 1-0: Called Strike 1-1: Foul Ball, location: 2F 1-2: Foul Ball, location: 2F 1-2: Ball 2-2: Ground out 1-3 (Groundball, 34S, EV 70.0 MPH)
|
| Bottom of the 4th over - 2 runs, 3 hits, 0 errors, 1 left on base; California 4 - Toronto 4 |
| TOP OF THE 5TH |
|
California Angels batting - Pitching for Toronto Blue Jays : RHP Storm Davis
|
|
Batting: LHB Brian Rosinski
|
0-0: Called Strike 0-1: Ball 1-1: Ground out 4-3 (Groundball, 34D, EV 90.0 MPH)
|
|
Batting: LHB John Milner
|
0-0: Ball 1-0: Called Strike 1-1: Ball 2-1: Called Strike 2-2: Fly out, F7 (Flyball, 7, EV 85.6 MPH)
|
|
Batting: SHB Ignacio Medina
|
0-0: SINGLE (Groundball, P, EV 90.6 MPH) (infield hit)
|
|
Batting: SHB Manny Castillo
|
0-0: Ball 1-0: Ball 2-0: Foul Ball, location: 2F 2-1: Ball 3-1: Swinging Strike 3-2: Foul Ball, location: 2F 3-2: Foul Ball, location: 2F 3-2: Foul Ball, location: 2F Pickoff Throw to First - Out! 1-3
|
| Top of the 5th over - 0 runs, 1 hit, 0 errors, 0 left on base; California 4 - Toronto 4 |
| BOTTOM OF THE 5TH |
|
Toronto Blue Jays batting - Pitching for California Angels : RHP Clay Kirby
|
|
Batting: LHB Chad Daley
|
0-0: Ground out 4-3 (Groundball, 4S, EV 65.6 MPH)
|
|
Batting: RHB Andres Galarraga
|
0-0: Fly out, F9 (Line Drive, 9, EV 97.5 MPH)
|
|
Batting: RHB Juan Monasterio
|
0-0: Called Strike 0-1: DOUBLE (Flyball, 8RXD, EV 105.0 MPH)
|
|
Batting: LHB Steve Stroughter
|
0-0: Called Strike 0-1: Foul Ball, location: 2F 0-2: Strikes out swinging
|
| Bottom of the 5th over - 0 runs, 1 hit, 0 errors, 1 left on base; California 4 - Toronto 4 |
| TOP OF THE 6TH |
|
California Angels batting - Pitching for Toronto Blue Jays : RHP Storm Davis
|
|
Batting: SHB Manny Castillo
|
0-0: Called Strike 0-1: DOUBLE (Line Drive, 9LS, EV 91.3 MPH)
|
|
Batting: RHB Mike Bishop
|
0-0: Foul Ball, location: 2F 0-1: Ball 1-1: Foul Ball, location: 2F 1-2: Foul Ball, location: 2F 1-2: Strikes out swinging
|
|
Batting: RHB Rafael Ramirez
|
0-0: Foul Ball, location: 2F 0-1: Called Strike 0-2: Ground out 5-3 (Groundball, 56S, EV 69.4 MPH) Manny Castillo to third
|
|
Batting: RHB Frank White
|
0-0: Ball 1-0: Ball 2-0: Foul Ball, location: 2F 2-1: Foul Ball, location: 2F 2-2: Ground out 5-3 (Groundball, 56, EV 107.5 MPH)
|
| Top of the 6th over - 0 runs, 1 hit, 0 errors, 1 left on base; California 4 - Toronto 4 |
| BOTTOM OF THE 6TH |
|
Toronto Blue Jays batting - Pitching for California Angels : RHP Clay Kirby
|
|
Batting: RHB Cal Ripken
|
0-0: SINGLE (Groundball, 6MD, EV 103.1 MPH)
|
|
Batting: LHB Carlos May
|
0-0: Called Strike 0-1: SINGLE (Line Drive, 6D, EV 103.1 MPH) Cal Ripken to second
|
|
Batting: RHB Jim G Wilson
|
0-0: Ball 1-0: Foul Ball, location: 2F 1-1: Swinging Strike 1-2: Strikes out looking
|
|
Batting: SHB Harold Reynolds
|
0-0: Ball 1-0: Ball 2-0: Ball 3-0: Called Strike 3-1: Foul Ball, location: 2F 3-2: Foul Ball, location: 2F 3-2: Foul Ball, location: 2F 3-2: Ground out U3 (Groundball, 3L, EV 85.0 MPH) Cal Ripken to third Carlos May to second
|
|
Batting: RHB Jose Gonzalez
|
0-0: Ball 1-0: Swinging Strike 1-1: Ball 2-1: Ball 3-1: Ground out 6-3 (Groundball, 56, EV 87.5 MPH)
|
| Bottom of the 6th over - 0 runs, 2 hits, 0 errors, 2 left on base; California 4 - Toronto 4 |
| TOP OF THE 7TH |
|
California Angels batting - Pitching for Toronto Blue Jays : RHP Storm Davis
|
|
Batting: RHB Carlos Pimentel
|
0-0: Ball 1-0: Foul Ball, location: 2F 1-1: Called Strike 1-2: Strikes out looking
|
|
Batting: LHB Jason D Thompson
|
0-0: Ball 1-0: Fly out, F4 (Flyball, 34D, EV 82.5 MPH)
|
|
Batting: LHB Brian Rosinski
|
0-0: Called Strike 0-1: Swinging Strike 0-2: Foul Ball, location: 2F 0-2: Ball 1-2: Foul Ball, location: 2F 1-2: Ball 2-2: Foul Ball, location: 2F 2-2: Ball 3-2: Foul Ball, location: 2F 3-2: Strikes out swinging
|
| Top of the 7th over - 0 runs, 0 hits, 0 errors, 0 left on base; California 4 - Toronto 4 |
| BOTTOM OF THE 7TH |
|
Toronto Blue Jays batting - Pitching for California Angels : RHP Clay Kirby
|
|
Batting: LHB Chad Daley
|
0-0: Foul Ball, location: 2F 0-1: Called Strike 0-2: Ball 1-2: Ball 2-2: Ground out 1-3 (Groundball, 13S, EV 65.0 MPH)
|
|
Batting: RHB Andres Galarraga
|
0-0: Called Strike 0-1: Ball 1-1: Foul Ball, location: 2F 1-2: Ball 2-2: Hit by Pitch
|
|
Batting: RHB Juan Monasterio
|
0-0: Called Strike 0-1: Fly out, F4 (Flyball, 4D, EV 92.5 MPH)
|
|
Batting: LHB Steve Stroughter
|
0-0: Fly out, F3 (Popup, 23F, EV 75.0 MPH)
|
| Bottom of the 7th over - 0 runs, 0 hits, 0 errors, 1 left on base; California 4 - Toronto 4 |
| TOP OF THE 8TH |
|
California Angels batting - Pitching for Toronto Blue Jays : RHP Storm Davis
|
|
Pitching: RHP Burt Nordstrom
|
|
|
Batting: LHB John Milner
|
0-0: Swinging Strike 0-1: Ball 1-1: Swinging Strike 1-2: Ball 2-2: Ball 3-2: Hit by Pitch
|
|
Batting: SHB Ignacio Medina
|
0-0: Bunt missed! 0-1: Bunted foul 0-2: Strikes out swinging
|
|
Batting: SHB Manny Castillo
|
0-0: Ball 1-0: Ball 2-0: Called Strike 2-1: Foul Ball, location: 2F 2-2: Ball 3-2: SINGLE (Line Drive, 9LS, EV 96.3 MPH) John Milner to second John Milner to third
|
|
Batting: RHB Mike Bishop
|
0-0: Fly out, F7 (Flyball, 7D, EV 85.0 MPH) Runner from 3rd tags up, SCORES, no throw by LF
|
|
Batting: RHB Rafael Ramirez
|
0-0: Ball 1-0: Ball 2-0: Fielders Choice at 2nd, 6-4 (Groundball, 6, EV 79.4 MPH)
|
| Top of the 8th over - 1 run, 1 hit, 0 errors, 1 left on base; California 5 - Toronto 4 |
| BOTTOM OF THE 8TH |
|
Toronto Blue Jays batting - Pitching for California Angels : RHP Clay Kirby
|
|
Batting: RHB Cal Ripken
|
0-0: Called Strike 0-1: Ball 1-1: Ball 2-1: Ball 3-1: Base on Balls
|
|
Pinch Runner at 1st Eddie Milner:
|
|
|
Batting: LHB Carlos May
|
0-0: Ball 1-0: Ground out 5-3 (Groundball, 56S, EV 70.6 MPH) Eddie Milner to second
|
|
Batting: RHB Jim G Wilson
|
0-0: Ball Wild Pitch! Eddie Milner to third 1-0: DOUBLE (Groundball, 3D, EV 101.9 MPH) Eddie Milner scores
|
|
Batting: SHB Harold Reynolds
|
0-0: Intentional Walk
|
|
Pitching: LHP Bob McClure
|
|
|
Batting: RHB Jose Gonzalez
|
0-0: Ball 1-0: Ball 2-0: Ground out U3 (Groundball, 34, EV 81.3 MPH) Jim G Wilson to third Harold Reynolds to second
|
|
Batting: LHB Chad Daley
|
0-0: Ball 1-0: Called Strike 1-1: Ball 2-1: Fly out, F8 (Flyball, 8RS, EV 91.3 MPH)
|
| Bottom of the 8th over - 1 run, 1 hit, 0 errors, 2 left on base; California 5 - Toronto 5 |
| TOP OF THE 9TH |
|
California Angels batting - Pitching for Toronto Blue Jays : RHP Burt Nordstrom
|
|
Now at SS: Jose Carrillo
|
|
|
Pinch Hitting: SHB Jon Hernandez
|
0-0: Called Strike 0-1: Ball 1-1: Swinging Strike 1-2: Fly out, F6 (Popup, 4MD, EV 54.4 MPH)
|
|
Batting: RHB Carlos Pimentel
|
0-0: Called Strike 0-1: Ball 1-1: Ball 2-1: Ball 3-1: Ground out 3-1 (Groundball, 34S, EV 83.8 MPH)
|
|
Batting: LHB Jason D Thompson
|
0-0: Ball 1-0: SOLO HOME RUN (Flyball, 9LD, EV 93.1 MPH), Distance : 350 ft
|
|
Pitching: RHP Bill Caudill
|
|
|
Batting: LHB Brian Rosinski
|
0-0: Ball 1-0: Foul Ball, location: 2F 1-1: Swinging Strike 1-2: SINGLE (Line Drive, 9S, EV 96.9 MPH)
|
|
Batting: LHB John Milner
|
0-0: Called Strike Brian Rosinski steals 2nd base 0-1: Ball 1-1: Foul Ball, location: 2F 1-2: Ball 2-2: Foul Ball, location: 2F 2-2: Fly out, F2 (Popup, 5SF, EV 86.3 MPH)
|
| Top of the 9th over - 1 run, 2 hits, 0 errors, 1 left on base; California 6 - Toronto 5 |
| BOTTOM OF THE 9TH |
|
Toronto Blue Jays batting - Pitching for California Angels : LHP Bob McClure
|
|
Now at 2B: Tom Tostenson
|
|
|
Batting: RHB Andres Galarraga
|
0-0: Called Strike 0-1: Foul Ball, location: 2F 0-2: Foul Ball, location: 2F 0-2: Ball 1-2: Foul Ball, location: 2F 1-2: Ground out 6-3 (Groundball, 6M, EV 101.9 MPH)
|
|
Batting: RHB Juan Monasterio
|
0-0: Ball 1-0: Called Strike 1-1: Fly out, F8 (Flyball, 78M, EV 85.6 MPH)
|
|
Batting: LHB Steve Stroughter
|
0-0: SINGLE (Line Drive, 7LM, EV 93.8 MPH)
|
|
Batting: RHB Jose Carrillo
|
0-0: Called Strike 0-1: Fly out, F8 (Flyball, 8RD, EV 92.5 MPH)
|
| Bottom of the 9th over - 0 runs, 1 hit, 0 errors, 1 left on base; California 6 - Toronto 5 |
|